 Dungeon Crawl Stone Soup version 0.30-a0-457-g4b7bca3bfa (webtiles) character file.

Game seed: 3322830209670632226

289 HoaS the Skirmisher (level 6, -1/35 HPs)
             Began as a Kobold Hunter on Dec 13, 2022.
             Slain by a jelly (3 damage)
             ... on level 1 of the Dungeon.
             The game lasted 00:04:35 (3034 turns).

HoaS the Skirmisher (Kobold Hunter)                 Turns: 3034, Time: 00:04:36

Health: -1/35      AC:  0    Str:  8    XL:     6   Next: 58%
Magic:  6/6        EV: 14    Int: 11    God:
Gold:   90         SH:  0    Dex: 20    Spells: 5/5 levels left

rFire   . . .      SeeInvis .    a - +1 shortbow
rCold   . . .      Faith    .    (shield currently unavailable)
rNeg    + . .      Spirit   .    c - +1 leather armour
rPois   .          Reflect  .    (no helmet)
rElec   .          Harm     .    (no cloak)
rCorr   .          Rampage  .    (no gloves)
Will    .....                    (no boots)
Stlth   +++.......               (no amulet)
HPRegen 0.25/turn                i - ring of flight
MPRegen 0.10/turn                m - ring of positive energy

@: corroded, flying
A: small, no large weapons, nightstalker 3
a: no special abilities


You were on level 1 of the Dungeon.
You visited 1 branch of the dungeon, and saw 3 of its levels.

You collected 156 gold pieces.
You spent 66 gold pieces at shops.

Inventory:

Hand Weapons
 a - a +1 shortbow (weapon)
Armour
 c - a +1 leather armour (worn)
Jewellery
 i - a ring of flight (left hand)
 m - a ring of positive energy (right hand)
Scrolls
 b - a scroll of immolation
 d - 2 scrolls of noise {unknown}
 f - 2 scrolls of brand weapon {unknown}
 h - a scroll of magic mapping {unknown}
 k - a scroll of teleportation
 l - a scroll of silence {unknown}
Potions
 e - 2 potions of heal wounds
 g - a potion of haste {unknown}
 j - a potion of might {unknown}


   Skills:
 - Level 2.1 Fighting
 + Level 9.7 Ranged Weapons
 - Level 2.4 Dodging
 - Level 1.3 Stealth


You had 5 spell levels left.
You didn't know any spells.
Your spell library contained the following spells:

 Spells                   Type           Power      Damage    Failure   Level
 Summon Small Mammal      Summ           0%         N/A       45%         1
 Blink                    Tloc           0%         N/A       61%         2
 Cigotuvi's Dreadful Rot  Necr/Pois/Air  0%         N/A       61%         2
 Poisonous Vapours        Pois/Air       0%         N/A       61%         2
 Call Canine Familiar     Summ           0%         N/A       83%         3
 Inner Flame              Hex/Fire       0%         N/A       83%         3
 Mephitic Cloud           Conj/Pois/Air  0%         N/A       83%         3
 Summon Guardian Golem    Hex/Summ       0%         N/A       83%         3
 Flame Wave               Conj/Fire      0%         2d4       99%         4
 Manifold Assault         Tloc           0%         N/A       99%         4
 Sticky Flame             Conj/Fire      0%         2d3       99%         4
 Storm Form               Tmut/Air       0%         N/A       100%        7


Dungeon Overview and Level Annotations

Branches:
Dungeon (3/15)

Altars:
Jiyva

Shops:
D:2 (?[


Innate Abilities, Weirdness & Mutations

You are small and have problems with some larger weapons.
You are completely attuned to the shadows.


Message History

You shoot an arrow. The arrow hits the jelly.
The jelly is moderately wounded.
The jelly hits you.
You are splashed with acid!
You shoot an arrow. The arrow hits the jelly.
The jelly is severely wounded.
The jelly closely misses you.
You shoot an arrow.
The arrow hits the jelly but does no damage.
The jelly is severely wounded.
The jelly closely misses you.
You shoot an arrow. The arrow hits the jelly!
You kill the jelly!
You shoot an arrow. The arrow hits the jelly.
The jelly is lightly wounded.
The jelly completely misses you.
You shoot an arrow. The arrow hits the jelly.
The jelly is lightly wounded.
The jelly hits you.
You are splashed with acid!
You are too injured to fight recklessly!
You are too injured to fight recklessly!
You are too injured to fight recklessly!
You are too injured to fight recklessly!
Fire: a) +1 shortbow
Press: ? - help, Q - select action Shift-Dir - straight line, f/p - jelly
Aim: a jelly (lightly wounded, 91% to hit)
You shoot an arrow. The arrow hits the jelly.
The jelly is moderately wounded.
The jelly hits you.
You are splashed with acid.
* * * LOW HITPOINT WARNING * * *
Fire: a) +1 shortbow
Press: ? - help, Q - select action Shift-Dir - straight line, f/p - jelly
Aim: a jelly (moderately wounded, 91% to hit)
You shoot an arrow. The arrow hits the jelly.
The jelly is heavily wounded.
The jelly hits you.
* * * LOW HITPOINT WARNING * * *
The acid corrodes you!
You are splashed with acid.
* * * LOW HITPOINT WARNING * * *
The jelly hits you.
You die...

P## #.##...# J..#####....... ..#
#.##...# ...#.#.8....... ###
#.##...# JgJ'........##.
##########.##...# .J.'...........
................# ._.#.#.8......#
............#.).# .J.#####g)...#.
............#...# .. ##....#(g.
##########'##...########....#...#
#.##...@Jg........#..JJl
#.##..J###........#.#.##
##########.##.............#)...#.
...........##....................
##########..#####################
..........................#######
.)..........###.#######..........
............# #.# ######.##.#
............# #.# #.#...


You could see 2 jellies and a goblin.

Vanquished Creatures
  Sigmund (D:2)
  A jelly (D:1)
  Terence (D:2)
  An adder (D:2)
  A dart slug (D:1)
  4 worms (D:2)
  4 bats
  5 endoplasms
  2 giant cockroaches (D:2)
  6 hobgoblins
  2 jackals (D:1)
  5 kobolds
  2 quokkas
  4 frilled lizards
  3 goblins
  9 rats
51 creatures vanquished.

Notes
Turn   | Place    | Note
-------+----------+-------------------------------------------
     0 | D:1      | HoaS the Kobold Hunter began the quest for the Orb.
     0 | D:1      | Reached XP level 1. HP: 12/12 MP: 1/1
    53 | D:1      | Found a large runed translucent door.
    53 | D:1      | Found a large runed translucent door.
    55 | D:1      | Found a viscous altar of Jiyva.
    56 | D:1      | Noticed a jelly
    56 | D:1      | Noticed a jelly
    57 | D:1      | Noticed a jelly
    57 | D:1      | Noticed a jelly
    58 | D:1      | Noticed a jelly
    58 | D:1      | Noticed a jelly
    58 | D:1      | Noticed a jelly
    59 | D:1      | Noticed a jelly
   183 | D:1      | Reached XP level 2. HP: 17/17 MP: 2/2
   267 | D:1      | Reached skill level 6 in Ranged Weapons
   303 | D:1      | You fall into a shaft and drop 1 floor!
   674 | D:1      | Reached XP level 3. HP: 21/21 MP: 3/3
   786 | D:1      | Found a faded altar of an unknown god.
  1466 | D:2      | Found Hiczokhi's Antique Armour Emporium.
  1501 | D:2      | Found Mamujymm's Magic Scroll Emporium.
  1501 | D:2      | Noticed Terence
  1516 | D:2      | Killed Terence
  1517 | D:2      | Reached skill level 7 in Ranged Weapons
  1517 | D:2      | Reached XP level 4. HP: 10/26 MP: 4/4
  1585 | D:2      | Bought a scroll of teleportation for 33 gold pieces
  1585 | D:2      | Bought a scroll of teleportation for 33 gold pieces
  1674 | D:2      | Found Meathulu's Antique Weapon Shoppe.
  1767 | D:2      | Noticed Sigmund
  1902 | D:2      | Killed Sigmund
  1903 | D:2      | Reached skill level 9 in Ranged Weapons
  1903 | D:2      | Reached XP level 5. HP: 24/30 MP: 5/5
  1903 | D:2      | Reached XP level 6. HP: 29/35 MP: 6/6
  3034 | D:1      | Slain by a jelly

Illustrated notes

Levels and vault maps discovered:
D:1:      erik_arrival_cave_to_civilisation [erik_arrival_cave_to_temple],
          layout_basic, hellmonk_ecumenical_altar_zigzags, serial_bayou_pond_b,
          nicolae_figureground_pulse
D:2:      layout_basic, serial_shops, nicolae_shop_stone, nicolae_shop_trees,
          shop, uniq_sigmund, uniq_terence
D:3:      layout_basic, dk_noncrumbling_4, minmay_quadrilaterals

Skill      XL: |  1  2  3  4 |
---------------+-------------+-----
Ranged Weapons | 6 7 9 |  9.7
Fighting       | |  2.1
Dodging        | |  2.4
Stealth        | |  1.3

Action                   |  1- 3 |  4- 6 || total
-------------------------+-------+-------++-------
Melee: Shortbow          |       |     1 ||     1
 Fire: Shortbow          |   102 |    62 ||   164
  Use: Scroll            |     1 |     6 ||     7
Armor: Leather armour    |    11 |    12 ||    23
Dodge: Dodged            |    39 |    35 ||    74

Table legend: (Time is in decaauts)
 A = Elapsed time spent in this place.
 B = Non-inter-level travel time spent in this place.
 C = Inter-level travel time spent in this place.
 D = Time resting spent in this place.
 E = Time spent auto-exploring this place.
 F = Levels seen in this place.
 G = Mean time per level.
                   A        B        C        D        E       F      G
               +--------+--------+--------+--------+--------+-----+--------+
         Total |   3069 |   2970 |     99 |    235 |   2378 |   3 | 1023.0 |
       Dungeon |   3069 |   2970 |     99 |    235 |   2378 |   3 | 1023.0 |
               +--------+--------+--------+--------+--------+-----+--------+

Top non-repeatable levels by time:
     D:1: 1485 daAuts
     D:3: 849 daAuts
     D:2: 734 daAuts
